 Dungeon Crawl Stone Soup version 0.31-a0-246-g8cbcc1cb85 (webtiles) character file.

Game seed: 17723899382496616286

201 qw the Shooter (level 5, 0/32 HPs)
             Began as a Gargoyle Hexslinger on July 12, 2023.
             Was an Initiate of Okawaru.
             Slain by an orc
             ... wielding a +0 flail
              (5 damage)
             ... on level 4 of the Dungeon.
             The game lasted 00:00:59 (2254 turns).

qw the Shooter (Gargoyle Hexslinger)                Turns: 2254, Time: 00:00:59

Health: 0/32       AC: 11    Str: 11    XL:     5   Next: 79%
Magic:  6/6        EV: 12    Int: 14    God:    Okawaru [......]
Gold:   166        SH:  0    Dex: 14    Spells: 5/6 levels left

rFire   . . .        Y - +3 sling
rCold   . . .        (no shield)
rNeg    + . .        e - +1 robe {Will+}
rPois   inf          (no helmet)
rElec   +            i - +2 cloak
rCorr   .            k - +0 pair of gloves
SInv    .            (no boots)
Will    +....        (no amulet)
Stlth   +            (no ring)
HPRegen 0.25/turn    (no ring)
MPRegen 0.10/turn

%: no passive effects
@: about to teleport
A: sickness immunity, AC +4, negative energy resistance 1, electricity
resistance, torment resistance 1, petrification resistance
a: Renounce Religion


You were on level 4 of the Dungeon.
You worshipped Okawaru.
Okawaru was noncommittal.
You visited 1 branch of the dungeon, and saw 4 of its levels.

You collected 166 gold pieces.


Innate Abilities, Weirdness & Mutations

You are immune to sickness and miasma.
Your stone body is resilient. (AC +4)
You are immune to poison.
You resist negative energy. (rN+)
You are resistant to electric shocks. (rElec)
You are resistant to unholy torment.
You are immune to petrification.


   Skills:
 - Level 3.0 Fighting
 + Level 5.1 Ranged Weapons
 - Level 1.5 Dodging
 - Level 1.0 Spellcasting
 - Level 2.6 Hexes


You had 5 spell levels left.
You knew the following spells:

 Your Spells              Type           Power      Damage    Failure   Level
a - Slow                  Hex            32%        N/A       9%          1

Your spell library contained the following spells:

 Spells                   Type           Power      Damage    Failure   Level
 Inner Flame              Hex/Fire       4%         N/A       41%         3
 Portal Projectile        Hex/Tloc       8%         N/A       41%         3
 Cause Fear               Hex            4%         N/A       65%         4

Inventory:

Hand Weapons
 Y - a +3 sling (weapon)
Armour
 e - a +1 robe of willpower (worn)
 f - a +0 ring mail
 h - a +0 robe of cold resistance
 i - a +2 cloak (worn)
 k - a +0 pair of gloves (worn)
Scrolls
 b - 5 scrolls of identify
Potions
 a - a potion of enlightenment
 c - a potion of might
 j - 2 potions of heal wounds

Dungeon Overview and Level Annotations

Branches:
Dungeon (4/15)
 Temple: D:4-7

Altars:
Dithmenos
Fedhas
Okawaru
Qazlal
Ru
Sif Muna
Vehumet
Yredelemnul
The Shining One

Annotations:
D:2 1 runed translucent door, Crazy Yiuf


Message History

The orc wizard casts a spell at you.
You are confused.
2246 ||| DRINKING potion of curing.
You feel better.
2246 ||| (to cure confusion)
The orc wizard hits you but does no damage.
Something hits you but does no damage. The orc hits you but does no damage.
You shoot a sling bullet. The sling bullet hits the orc wizard.
The orc wizard is almost dead.
Something hits you but does no damage. The orc barely misses you.
The orc wizard misses you.
You shoot a sling bullet.
The sling bullet barely misses the orc wizard.
Something hits you but does no damage. The orc completely misses you.
The orc wizard hits you but does no damage.
You shoot a sling bullet.
The sling bullet closely misses the orc wizard.
The orc wizard barely misses you. Something hits you but does no damage.
The orc closely misses you.
You shoot a sling bullet.
The sling bullet closely misses the orc wizard.
You hear some strange, mumbled words.
A puff of flame appears from out of thin air!
The puff of flame hits you. The orc closely misses you.
The orc wizard closely misses you. The orc hits you but does no damage.
Something hits you but does no damage. The orc wizard barely misses you.
You shoot a sling bullet. The sling bullet hits the orc wizard!
You kill the orc wizard!
Okawaru accepts your kill. Something barely misses you.
The orc hits you with a +0 flail.
Your Fighting skill increases to level 3!
You shoot a sling bullet. The sling bullet barely misses the orc.
Something hits you. The orc misses you.
You shoot a sling bullet.
The sling bullet hits the orc but does no damage.
Something hits you but does no damage. The orc hits you with a +0 flail!
2254 ||| READING scroll of teleportation.
As you read the scroll of teleportation, it crumbles to dust.
You feel strangely unstable. Something hits you.
The orc hits you with a +0 flail.
You die...

##....##.....#...#.
.......#....##.....+...'.
.......+.....#.....##'##.
.......#.....#.....##..#(
.......#.....#.........#.
.......#.....#.........#.
.......#.....#.<...##..#.
.......#o....#.....##..#.
......o{@....'......'..'.
.......#)...##......#..#.
##.....#....##.....##..#.
#.....#....#......#####.
#.....#....#.......# #.
#..oo.#....#.......# #.
#.....#....#.......# #.
#.....############## #.
##


You could see 2 orcs.

Vanquished Creatures
  A scorpion (D:4)
  2 orc wizards (D:4)
  4 adders
  2 orcs (D:3)
  5 ball pythons
  5 bats
  6 endoplasms
  5 giant cockroaches
  2 goblins
  3 hobgoblins
  7 quokkas
  6 frilled lizards
  6 kobolds
  2 rats (D:2)
56 creatures vanquished.

Notes
Turn   | Place    | Note
-------+----------+-------------------------------------------
     0 | D:1      | qw the Gargoyle Hexslinger began the quest for the Orb.
     0 | D:1      | Reached XP level 1. HP: 12/12 MP: 2/2
     0 | D:1      | 0 ||| qw: Version: 0.3-a-52-g30416fa
     0 | D:1      | 0 ||| qw: Game counter: 6332
     0 | D:1      | 0 ||| qw: Melee chars always use a shield: true
     0 | D:1      | 0 ||| qw: God list: Okawaru
     0 | D:1      | 0 ||| qw: Allow faded altars: false
     0 | D:1      | 0 ||| qw: Do Orc after clearing Dungeon:15 true
     0 | D:1      | 0 ||| qw: Do second Lair branch before Depths: true
     0 | D:1      | 0 ||| qw: Lair rune preference: random
     0 | D:1      | 0 ||| qw: Goals: Normal
     0 | D:1      | 0 ||| PLANNING D:1-11
   124 | D:1      | Reached XP level 2. HP: 16/16 MP: 3/3
   374 | D:1      | Reached skill level 3 in Ranged Weapons
   844 | D:1      | 844 ||| UPGRADING to +1 robe of willpower.
   854 | D:1      | 854 ||| DROPPING +0 robe.
   855 | D:1      | 855 ||| UPGRADING to +2 cloak.
   860 | D:1      | 860 ||| DROPPING ring of magical power.
   861 | D:1      | 861 ||| READING scroll labelled JUPAG SYMEYMIEMP.
   862 | D:1      | 862 ||| DRINKING 2 white potions.
   863 | D:1      | 863 ||| DRINKING 2 inky potions.
   864 | D:1      | 864 ||| DROPPING scroll of poison.
   949 | D:2      | Reached XP level 3. HP: 21/21 MP: 4/4
  1251 | D:2      | Found a runed translucent door.
  1252 | D:2      | Noticed Crazy Yiuf
  1445 | D:2      | 1445 ||| DROPPING scarf of shadows.
  1446 | D:2      | 1446 ||| READING scroll labelled KERUC XONU.
  1447 | D:2      | 1447 ||| READING scroll labelled TUNWE WATS.
  1528 | D:2      | 1528 ||| READING scroll labelled KUGIAF VOPN.
  1529 | D:2      | 1529 ||| DRINKING 2 lumpy ruby potions.
  1530 | D:2      | 1530 ||| DRINKING 2 fuming grey potions.
  1531 | D:2      | 1531 ||| DRINKING 2 fuming orange potions.
  1532 | D:2      | 1532 ||| DROPPING potion of attraction.
  1533 | D:2      | 1533 ||| DROPPING potion of invisibility.
  1594 | D:3      | Reached XP level 4. HP: 26/26 MP: 5/5
  1637 | D:3      | Reached skill level 4 in Ranged Weapons
  1767 | D:3      | Found a basalt altar of Yredelemnul.
  1768 | D:3      | Found a shimmering blue altar of Sif Muna.
  1768 | D:3      | Found a sacrificial altar of Ru.
  1864 | D:3      | Found a glowing golden altar of the Shining One.
  1864 | D:3      | Found a stormy altar of Qazlal.
  1864 | D:3      | Found an iron altar of Okawaru.
  1864 | D:3      | Found a radiant altar of Vehumet.
  1865 | D:3      | 1865 ||| PLANNING OKAWARU WORSHIP
  1865 | D:3      | 1865 ||| UPGRADING to +0 pair of gloves.
  1870 | D:3      | 1870 ||| DROPPING ring of wizardry.
  1871 | D:3      | 1871 ||| READING 5 scrolls of identify.
  1871 | D:3      | 1871 ||| IDENTIFYING pink potion
  1872 | D:3      | Found a blossoming altar of Fedhas.
  1872 | D:3      | Found a shadowy altar of Dithmenos.
  1881 | D:3      | Became a worshipper of Warmaster Okawaru
  1882 | D:3      | 1882 ||| PLANNING D:1-11
  2073 | D:3      | 2073 ||| READING scroll labelled ODGHAM IZYANGIS.
  2104 | D:4      | Noticed a scorpion
  2117 | D:4      | Killed a scorpion
  2118 | D:4      | Reached skill level 5 in Ranged Weapons
  2118 | D:4      | Reached XP level 5. HP: 18/30 MP: 6/6
  2168 | D:4      | 2168 ||| READING scroll of enchant weapon.
  2168 | D:4      | 2168 ||| ENCHANTING +2 sling.
  2232 | D:4      | 2232 ||| Stepping ~*~*~tactically~*~*~ (outnumbered).
  2246 | D:4      | 2246 ||| DRINKING potion of curing.
  2246 | D:4      | 2246 ||| (to cure confusion)
  2252 | D:4      | Reached skill level 3 in Fighting
  2253 | D:4      | HP: 8/32 [orc/+0 flail (7)]
  2254 | D:4      | 2254 ||| READING scroll of teleportation.
  2254 | D:4      | Slain by an orc

Levels and vault maps discovered:
D:1:      dpeg_arrival_another_circle, layout_loops_ring, st_stairs_9
D:2:      layout_basic, uniq_crazy_yiuf_cottage
D:3:      layout_rooms, nicolae_overflows_in_rows, minmay_cut_off
D:4:      layout_gridville, grunt_tough_drop

Skill      XL: |  1  2  3  4  5 |
---------------+----------------+-----
Ranged Weapons | 3 5 |  5.1
Fighting       | 2 3 |  3.0
Dodging        | |  1.5
Spellcasting   | |  1.0
Hexes          | |  2.6

Action                     |  1- 3 |  4- 6 || total
---------------------------+-------+-------++-------
   Fire: Sling             |   127 |    94 ||   221
    Use: Potion            |     5 |     1 ||     6
         Scroll            |     4 |     4 ||     8
 Armour: Robe              |    28 |    36 ||    64
  Dodge: Dodged            |    32 |    41 ||    73

Table legend:
 A = Non-vault XP
 B = Vault XP
 C = Vault XP percentage of total XP
 D = Non-vault monster count
 E = Vault monster count
 F = Vault count percentage of total count
                 A         B        C        D         E       F
            +---------+---------+-------+---------+---------+-------
      Total |     194 |      94 |  32.6 |      49 |       7 |  12.5
            +---------+---------+-------+---------+---------+-------
        D:1 |      29 |       4 |  12.1 |      18 |       2 |  10.0
        D:2 |      47 |       0 |   0.0 |      16 |       0 |   0.0
        D:3 |      47 |       5 |   9.6 |      12 |       3 |  20.0
        D:4 |      71 |      85 |  54.5 |       3 |       2 |  40.0
            +---------+---------+-------+---------+---------+-------
